[Event "Early-Titled-Tuesday-Blitz-December-26-2023"]
[Site "Chess.com"]
[Date "2023.12.26"]
[Round "6"]
[White "dodoucb"]
[Black "GMJustin"]
[Result "1-0"]
[WhiteElo "2491"]
[BlackElo "2239"]
[TimeControl "180+1"]
[EndTime "9:06:03 PST"]
[Termination "dodoucb won on time"]

1. d4 Nf6 2. Nf3 g6 3. c4 Bg7 4. Nc3 d6 5. e4 O-O 6. Be2 e5 7. O-O Nbd7 8. Be3 exd4 9. Nxd4 Re8 10. f3 Nc5 11. Qd2 a5 12. Rfe1 c6 13. Rad1 Qc7 14. Nc2 Bf8 15. b3 Be6 16. Kh1 Rad8 17. Bg5 Be7 18. Qf4 Nh5 19. Qh4 Bxg5 20. Qxg5 Qe7 21. Qe3 Qh4 22. Kg1 Nf4 23. Bf1 Qg5 24. g3 Nh3+ 25.
Bxh3 Qxe3+ 26. Nxe3 Bxh3 27. Rd4 h5 28. Red1 f5 29.
Rxd6 Rxd6 30. Rxd6 fxe4 31. fxe4 Nxe4 32. Nxe4 Rxe4 33. Kf2 Kf7 34. Rd8 Re5 35. Rb8 1-0

[Event "Early-Titled-Tuesday-Blitz-December-26-2023"]
[Site "Chess.com"]
[Date "2023.12.26"]
[Round "6"]
[White "FelixBlohberger"]
[Black "SCIM"]
[Result "1-0"]
[WhiteElo "2781"]
[BlackElo "2520"]
[TimeControl "180+1"]
[EndTime "9:06:04 PST"]
[Termination "FelixBlohberger won by resignation"]

1. d4 d5 2. Nf3 Nf6 3. Bf4 c5 4. e3 Qb6 5. Nc3 cxd4 6. exd4 a6 7. a3 Nc6 8. Na4 Qd8 9. Nc5 Bg4 10. c3 Qb6 11. b4 e6 12. Be2 Bxf3 13. Bxf3 Be7 14.
O-O O-O 15. Re1 Qa7 16. h4 b6 17. Nd3 Rac8 18. h5 h6 19. Qd2 Nh7 20. g3 Bg5 21.
Bxg5 Nxg5 22. Bg2 Ne7 23. a4 Nf5 24. a5 b5 25. Nc5 Nd6 26. Qf4 Nc4 27. Re2 Nh7 28.
Rae1 Nf6 29. g4 Nh7 30. Qg3 Rc6 31. f4 Qc7 32. Rf1 Nf6 33. Qh4 Nh7 34. g5 Qd8 35. Qg3 hxg5 36. f5 e5 37. dxe5 d4 38.
Bxc6 1-0

[Event "Early-Titled-Tuesday-Blitz-December-26-2023"]
[Site "Chess.com"]
[Date "2023.12.26"]
[Round "6"]
[White "ChessArchitect64"]
[Black "Cheer_Down"]
[Result "0-1"]
[WhiteElo "2286"]
[BlackElo "2498"]
[TimeControl "180+1"]
[EndTime "9:06:04 PST"]
[Termination "Cheer_Down won by resignation"]

1. d4 d5 2. c4 e6 3. Nc3 Nf6 4.
cxd5 exd5 5. e3 c6 6. Bd3 Bd6 7. Nf3 O-O 8. Qc2 Re8 9. Bd2 a5 10. O-O-O a4 11. h3 b5 12. g4 a3 13. g5 axb2+ 14. Kb1 b4 15. gxf6 bxc3 16. Bxh7+ Kh8 17. fxg7+ Kxg7 18. Rdg1+ Kh8 19. Ng5 Qf6 20. Bxc3 Na6 21.
Nxf7+ Qxf7 22. Bg6 Qf6 23. e4 Rg8 24. e5 Qf4 25. Rg4 Qh6 26. Bd2 Nb4 27. Qxb2 Qf8 28. Rh4+ Kg7 29. Bh6+ Kxg6 30. Rg1+ Kf7 31. Rf4+ Ke6 32.
Rxf8 Rxg1+ 33. Bc1 Ba6 34. Qd2 Bd3+ 35. Kb2 Rxa2+ 36. Kc3 Rxd2 37. Re8+ Kd7 0-1

[Event "Early-Titled-Tuesday-Blitz-December-26-2023"]
[Site "Chess.com"]
[Date "2023.12.26"]
[Round "6"]
[White "OneTrickPony_82"]
[Black "Semetey"]
[Result "1-0"]
[WhiteElo "2473"]
[BlackElo "2616"]
[TimeControl "180+1"]
[EndTime "9:06:06 PST"]
[Termination "OneTrickPony_82 won by resignation"]

1. d4 c5 2. d5 e5 3. e4 d6 4. Nc3 g6 5. Nf3 Bh6 6. Bxh6 Nxh6 7. Nd2 O-O 8. h4 f5 9. h5 g5 10. exf5 Bxf5 11. Nc4 a6 12. a4 Ng4 13. f3 Nf6 14. Bd3 Bxd3 15. Qxd3 Qc7 16. Qd2 Nbd7 17. Qxg5+ Kh8 18. g4 e4 19. Nxe4 Nxe4 20. fxe4 b5 21. Ne3 Rae8 22. h6 Nf6 23. O-O Nxe4 24. Qg7+ Qxg7 25. hxg7+ Kxg7 26. Nf5+ Kg6 27. axb5 axb5 28. Ra7 Rg8 29. Ne7+ Kg5 30. Nxg8 Rxg8 31. Re7 Nf6 32. Rf5+ Kg6 33. Re6 Rf8 34. Rxd6 Kg7 35. g5 Ne4 36.
Rxf8 Nxd6 37. Rd8 Ne4 38. d6 Kf7 39. d7 Ke7 40. Re8+ Kxd7 41. Rxe4 1-0

[Event "Early-Titled-Tuesday-Blitz-December-26-2023"]
[Site "Chess.com"]
[Date "2023.12.26"]
[Round "6"]
[White "PeshkaCh"]
[Black "Suleyman_Chess06"]
[Result "1-0"]
[WhiteElo "2838"]
[BlackElo "2613"]
[TimeControl "180+1"]
[EndTime "9:06:07 PST"]
[Termination "PeshkaCh won by resignation"]

1. Nf3 d5 2. d4 c6 3. c4 Nf6 4. e3 Bf5 5. Bd3 Bxd3 6. Qxd3 e6 7. O-O Bd6 8. Nbd2 Nbd7 9. e4 dxe4 10. Nxe4 Nxe4 11.
Qxe4 Nf6 12. Qc2 O-O 13. b3 Qa5 14. Bg5 Nd7 15. Rfe1 h6 16. Bh4 Rfe8 17. Rad1 e5 18. dxe5 Nxe5 19. Nxe5 Bxe5 20. Bg3 Bf6 21. Rxe8+ Rxe8 22. h3 Be5 23. Bxe5 Qxe5 24. Qd2 Re7 25. Qd8+ Kh7 26. g3 g6 27. Qf8 Qf6 28. Rd8 h5 29. Kg2 Re2 30. Qg8+ Kh6 31. Qh8+ Qxh8 32. Rxh8+ Kg7 33.
Rb8 b6 34. a4 Rb2 35. Rb7 Rxb3 36. Rxa7 Rb4 37. Ra6 c5 38. Kf3 Rxc4 39. Rxb6 Rxa4 40. Rc6 Rc4 41. Ke3 Rc3+ 42. Kd2 Rc4 43. Kd3 Rd4+ 44. Ke3 Rd5 45. Ke4 Rf5 46. f4 h4 47. g4 Rf6 48.
Rxc5 Ra6 49. Rc3 Ra1 50. Kf3 Rg1 51. Kf2 Ra1 52. Kf3 Kh6 53. Kg2 f6 54. Rc6 Ra2+ 55.
Kg1 Ra3 56. Kg2 Rg3+ 57. Kh2 Kg7 58. Rc7+ Kg8 59. Rc8+ Kf7 60. Rc7+ Kg8 61. Rc8+ Kh7 62.
Rc7+ Kh6 63. Rf7 Rf3 64. g5+ fxg5 65. fxg5+ Kh5 66. Rxf3 Kxg5 67. Kg2 Kh5 68. Rf4 g5 69. Rg4 Kg6 70. Kf3 Kf5 71. Ke3 Kf6 72. Ke4 Kg6 73.
Ke5 Kh6 74. Kf6 Kh5 75. Rxg5+ Kh6 76. Rf5 Kh7 77. Kf7 Kh6 78. Re5 1-0

[Event "Early-Titled-Tuesday-Blitz-December-26-2023"]
[Site "Chess.com"]
[Date "2023.12.26"]
[Round "6"]
[White "enestnrvrd"]
[Black "Szparu"]
[Result "0-1"]
[WhiteElo "2659"]
[BlackElo "2877"]
[TimeControl "180+1"]
[EndTime "9:06:10 PST"]
[Termination "Szparu won by resignation"]

1. d4 d5 2. Nf3 Nf6 3. c4 e6 4. g3 Bb4+ 5. Bd2 Bd6 6. Bg2 c6 7. Qc2 Nbd7 8. O-O O-O 9. Rd1 b6 10. cxd5 cxd5 11. Qc6 Qc7 12. Qxa8 Ba6 13. Qxf8+ Bxf8 14. Nc3 b5 15. Rac1 Qb7 16. e3 Bd6 17. b3 Ba3 18. Rc2 b4 19. Na4 Bd3 20. Nc5 Nxc5 21. Rxc5 Ne4 22. Ra5 Be2 23. Re1 Bxf3 24. Bxf3 Nxd2 25.
Be2 Ne4 26. f3 Nc3 27. Rc5 g6 28. Bd3 Nxa2 29. Ra1 Nc3 30. h4 Kg7 31. Kg2 Qb6 32. Rh1 h5 33. g4 a5 34. gxh5 gxh5 35. Kh3 a4 36. Rg1+ Kf6 37. bxa4 Nxa4 38. Rc8 b3 39. Rf8 Bxf8 0-1

[Event "Early-Titled-Tuesday-Blitz-December-26-2023"]
[Site "Chess.com"]
[Date "2023.12.26"]
[Round "6"]
[White "MetiForce"]
[Black "Alexchess1984"]
[Result "0-1"]
[WhiteElo "2869"]
[BlackElo "2729"]
[TimeControl "180+1"]
[EndTime "9:06:11 PST"]
[Termination "Alexchess1984 won by resignation"]

1. e4 c5 2. Nf3 Nc6 3. b3 e5 4.
Bb2 d6 5. h3 Nf6 6. Nc3 Be7 7.
Bc4 O-O 8. O-O Be6 9. d3 Rb8 10. Ng5 Bxc4 11. bxc4 a6 12. a4 Nd4 13. Nf3 Qd7 14. Nb1 b5 15. Bxd4 cxd4 16. axb5 axb5 17. Nbd2 Rfc8 18. Ra6 bxc4 19. Nxc4 Nxe4 20. Nb6 Rxb6 21.
Rxb6 Nc3 22. Qa1 Bd8 23. Rb2 Qc6 24. Qa7 h6 25. Qb7 Qxb7 26. Rxb7 Ne2+ 27. Kh1 Bf6 28. Nd2 Rxc2 29. Nc4 e4 30. Nxd6 exd3 31. Ne4 Nc3 32.
Nxf6+ gxf6 33. Ra7 d2 34. Raa1 f5 35. g3 Kg7 36.
Kg2 Kf6 37. Kf3 Ke5 38. Ra5+ Ke6 39. Raa1 Kd5 40. Kf4 d1=Q 41. Raxd1 Nxd1 42. Kf3 Rxf2+ 43. Rxf2 Nxf2 44. Kxf2 0-1

[Event "Early-Titled-Tuesday-Blitz-December-26-2023"]
[Site "Chess.com"]
[Date "2023.12.26"]
[Round "6"]
[White "giomar27"]
[Black "PabloZarnicki"]
[Result "0-1"]
[WhiteElo "2392"]
[BlackElo "2643"]
[TimeControl "180+1"]
[EndTime "9:06:11 PST"]
[Termination "PabloZarnicki won by resignation"]

1. e4 d6 2. d4 Nf6 3. Nc3 c6 4.
Bd3 Nbd7 5. a4 g6 6. Nge2 e5 7. O-O Bg7 8. h3 O-O 9. Be3 b6 10. Qd2 Re8 11. f4 exd4 12. Bxd4 Bb7 13. Rae1 c5 14.
Bf2 Nxe4 15. Nxe4 Bxe4 16. Bxe4 Rxe4 17. Qxd6 Nf6 18. Qxd8+ Rxd8 19. Nc3 Rb4 20. Bh4 Rd2 21. Rd1 Rbd4 22. Rxd2 Rxd2 23. Rf2 Rd4 24. Kf1 Nh5 25. g3 Rb4 26. Re2 Bxc3 27. Re8+ Kg7 28. bxc3 Rxa4 29. Bg5 h6 30. Bh4 Rc4 31. Ke2 Rxc3 32.
Kd2 Rf3 33. Be7 Nxg3 34. Bd6 g5 35. Be5+ f6 36. Re7+ Kg6 37. f5+ Nxf5 38. Bb8 0-1

[Event "Early-Titled-Tuesday-Blitz-December-26-2023"]
[Site "Chess.com"]
[Date "2023.12.26"]
[Round "6"]
[White "Journey_to_GrandMaster_YT"]
[Black "KVAIDAN"]
[Result "1-0"]
[WhiteElo "2531"]
[BlackElo "2347"]
[TimeControl "180+1"]
[EndTime "9:06:11 PST"]
[Termination "Journey_to_GrandMaster_YT won by resignation"]

1. Nf3 f5 2. g3 Nf6 3. d3 d6 4. e4 e5 5. exf5 Bxf5 6. d4 Nc6 7. Bb5 e4 8. d5 a6 9. dxc6 axb5 10. cxb7 Bg4 11.
bxa8=Q Qxa8 12. O-O Bxf3 13. Qe1 Qc8 14. Nd2 Be7 15.
Nxf3 exf3 16. Qc3 Qf5 17. Re1 Ne4 18. Qd3 d5 19. Qxb5+ Kf7 20. a4 Rd8 21. Be3 c5 22.
Qf1 d4 23. Bc1 h5 24. Qd3 Nd6 25. Qxf5+ Nxf5 26. a5 c4 27. a6 d3 28. cxd3 cxd3 29. a7 Ra8 30. Bd2 Nd4 31. Rxe7+ Kxe7 32. Be3 Nc2 33.
Ra3 Nxe3 34. fxe3 d2 35. Ra1 Ke6 36. Kf2 Rxa7 37. Rd1 Rd7 38. Kxf3 Ke5 39. Ke2 Kf5 40. Rxd2 Rb7 41. Kd3 Kg4 42. Kc3 Kf3 43. b4 Kxe3 44. Rb2 g5 45. b5 Rc7+ 46. Kb4 Kd3 47.
b6 Rb7 48. Kc5 Kc3 49. Rb1 Kc2 50. Rb5 Kc3 51. Kc6 Rb8 52. b7 Rg8 53. b8=Q Rxb8 54.
Rxb8 Kd3 55. Rb5 g4 56. Rxh5 Ke3 57. Rf5 Ke2 58. Rf4 Ke1 59. Rxg4 1-0

[Event "Early-Titled-Tuesday-Blitz-December-26-2023"]
[Site "Chess.com"]
[Date "2023.12.26"]
[Round "6"]
[White "CFalcons8"]
[Black "Pakarma"]
[Result "1-0"]
[WhiteElo "2236"]
[BlackElo "2443"]
[TimeControl "180+1"]
[EndTime "9:06:11 PST"]
[Termination "CFalcons8 won on time"]

1. e4 c5 2. Nf3 Nc6 3. d4 cxd4 4.
Nxd4 e5 5. Nb5 d6 6. N1c3 a6 7.
Na3 Be7 8. Nd5 Nf6 9. f3 Nxd5 10. exd5 Nd4 11. c3 Nf5 12. Qa4+ Bd7 13. Qe4 O-O 14. Bd3 g6 15. O-O Ng7 16. Qe2 f5 17. c4 Rc8 18. Kh1 Bg5 19. b4 Bxc1 20. Rfxc1 Nh5 21.
g3 Qg5 22. c5 Rce8 23. c6 Bc8 24. Nc4 e4 25. fxe4 fxe4 26. Bxe4 Bg4 27. Qd3 bxc6 28. Nxd6 Rd8 29. dxc6 Be6 30. c7 Qe5 31. cxd8=Q Rxd8 32. Nc4 1-0

[Event "Early-Titled-Tuesday-Blitz-December-26-2023"]
[Site "Chess.com"]
[Date "2023.12.26"]
[Round "6"]
[White "Angry_Twin"]
[Black "bazar-wokzal"]
[Result "1-0"]
[WhiteElo "2944"]
[BlackElo "2648"]
[TimeControl "180+1"]
[EndTime "9:06:12 PST"]
[Termination "Angry_Twin won by resignation"]

1. e4 Nc6 2. d4 d5 3. e5 h5 4. Nf3 Bg4 5. c3 Qd7 6. Nbd2 f6 7. h3 Bxf3 8. Nxf3 fxe5 9. dxe5 e6 10. Bb5 a6 11.
Ba4 Bc5 12. Bg5 Nge7 13. Nd4 b5 14. Bc2 Nxe5 15. O-O Bxd4 16. Qxd4 N7c6 17. Qh4 Qf7 18. f4 Nc4 19. f5 e5 20. b3 Nd6 21. Rae1 Kd7 22.
Be3 Rae8 23. Qg3 d4 24. Bg5 e4 25. cxd4 Nxd4 26. Bb1 N4xf5 27. Qf2 Qe6 28. Qc5 Ng3 29. Rf2 Rhf8 30. Bf4 h4 31. Rc1 Rc8 32. Qc6+ Ke7 33.
Bg5+ Rf6 34. Bxh4 Ngf5 35. Bxf6+ gxf6 36. Re1 e3 37. Rf4 Qe5 38. Qf3 Ke6 39. Bxf5+ Nxf5 40. Rxf5 Qxf5 41. Rxe3+ Qe5 42. Rxe5+ fxe5 43. Qg4+ 1-0

[Event "Early-Titled-Tuesday-Blitz-December-26-2023"]
[Site "Chess.com"]
[Date "2023.12.26"]
[Round "6"]
[White "YurasovMat-2012"]
[Black "ShadyH9"]
[Result "1-0"]
[WhiteElo "2529"]
[BlackElo "2336"]
[TimeControl "180+1"]
[EndTime "9:06:13 PST"]
[Termination "YurasovMat-2012 won on time"]

1. e4 c5 2. Nf3 Nc6 3. Bb5 g6 4. O-O Bg7 5. Re1 Nf6 6. e5 Nd5 7. Nc3 Nc7 8. Bxc6 dxc6 9. h3 O-O 10. d3 Be6 11. Be3 b6 12. Qd2 Bd5 13. Qe2 Ne6 14. Rad1 Bxf3 15. Qxf3 Bxe5 16. Qxc6 Qd6 17. Qf3 Nd4 18.
Bxd4 Bxd4 19. Ne4 Qc7 20. c3 Bg7 21. Ng5 Rad8 22. Qe4 Rd7 23. h4 Bf6 24. Nf3 Rfd8 25. h5 Rd5 26. h6 Qd7 27. Re3 Qf5 28. Qc4 Qh5 29. Qf4 Qf5 30. Qc4 Qh5 31. Qf4 Qf5 32. Qh2 g5 33. Rde1 Rxd3 34. Rxd3 Qxd3 35. Qg3 Qg6 36. Qc7 e6 37. Ne5 Qh5 38. f3 Rf8 39.
Nd7 Qxh6 40. Nxf8 Qxf8 41. Rd1 1-0

[Event "Early-Titled-Tuesday-Blitz-December-26-2023"]
[Site "Chess.com"]
[Date "2023.12.26"]
[Round "6"]
[White "Dewarfd"]
[Black "Romn69"]
[Result "0-1"]
[WhiteElo "2084"]
[BlackElo "2374"]
[TimeControl "180+1"]
[EndTime "9:06:13 PST"]
[Termination "Romn69 won by checkmate"]

1. b3 e5 2. Bb2 e4 3. d3 Nf6 4. c4 Nc6 5. Nc3 Bb4 6. a3 Bxc3+ 7. Bxc3 Qe7 8. e3 O-O 9. Ne2 d5 10. Bxf6 Qxf6 11. cxd5 exd3 12. dxc6 dxe2 13. Bxe2 Qc3+ 14. Kf1 Qxc6 15. Bf3 Qb6 16. b4 Be6 17. g3 Rad8 18.
Qe2 Bh3+ 19. Bg2 Qe6 20. Qh5 Bg4 21. Qh4 Rd2 22. h3 Qf5 23. f4 Qd3+ 24. Kg1 Qxe3+ 25. Kh2 Rxg2+ 26. Kxg2 Bf3+ 27. Kh2 Qf2# 0-1

[Event "Early-Titled-Tuesday-Blitz-December-26-2023"]
[Site "Chess.com"]
[Date "2023.12.26"]
[Round "6"]
[White "Jospem"]
[Black "Durarbayli"]
[Result "1-0"]
[WhiteElo "3068"]
[BlackElo "2864"]
[TimeControl "180+1"]
[EndTime "9:06:15 PST"]
[Termination "Jospem won by resignation"]

1. e4 e6 2. d4 d5 3. Nd2 c5 4.
exd5 exd5 5. Bb5+ Bd7 6. Bxd7+ Qxd7 7. Qe2+ Be7 8. Ngf3 cxd4 9. O-O Nc6 10. Nb3 Nf6 11. Nbxd4 O-O 12. c3 Rfe8 13. Qd3 Bc5 14. Be3 Bb6 15.
Rad1 Rad8 16. h3 h6 17. Rfe1 Ne4 18. Nb3 Qf5 19. Bxb6 axb6 20. Nbd4 Qg6 21. Qb5 Na5 22. b3 Kh7 23. Re3 Rc8 24. Ne2 Nc6 25. Qxb6 Qd6 26. c4 Nf6 27. Nc3 Qf4 28. Nxd5 Nxd5 29. cxd5 Ne7 30. Qb5 Nf5 31. Rxe8 Nd6 32. Qd3+ 1-0

[Event "Early-Titled-Tuesday-Blitz-December-26-2023"]
[Site "Chess.com"]
[Date "2023.12.26"]
[Round "6"]
[White "aksuliini1"]
[Black "LeoWin2012"]
[Result "1-0"]
[WhiteElo "2470"]
[BlackElo "2226"]
[TimeControl "180+1"]
[EndTime "9:06:15 PST"]
[Termination "aksuliini1 won by checkmate"]

1. e4 e6 2. d4 d5 3. Nd2 c5 4. Ngf3 cxd4 5. exd5 Qxd5 6. Bc4 Qd7 7. O-O Nc6 8. Nb3 Nf6 9. Nbxd4 Bc5 10. Nxc6 Qxc6 11. Ne5 Qc7 12. Bb5+ Ke7 13. Qe2 Bd6 14. Bf4 Nd5 15.
Bg3 a6 16. Bc4 Nb6 17. Bb3 Nd7 18. Nxf7 Bxg3 19. hxg3 Re8 20. Ng5 Nc5 21. Qh5 Nxb3 22. Qf7+ Kd8 23. Rad1+ Bd7 24. cxb3 Kc8 25. Rc1 Bc6 26.
Qxe8+ Bxe8 27. Rxc7+ Kxc7 28. Nxe6+ Kd6 29. Nxg7 Bg6 30.
g4 Rc8 31. Nf5+ Bxf5 32. gxf5 Rc2 33. Re1 Rxb2 34. f6 Rc2 35. f7 Rc8 36. Re8 Rc1+ 37. Kh2 Rc5 38. f8=Q+ Kc6 39. Rc8+ Kb6 40. Qxc5# 1-0

[Event "Early-Titled-Tuesday-Blitz-December-26-2023"]
[Site "Chess.com"]
[Date "2023.12.26"]
[Round "6"]
[White "hsmile"]
[Black "AndresDelgado77"]
[Result "1-0"]
[WhiteElo "2096"]
[BlackElo "2322"]
[TimeControl "180+1"]
[EndTime "9:06:16 PST"]
[Termination "hsmile won on time"]

1. d4 Nf6 2. Nc3 e6 3. Bg5 c5 4.
d5 Qb6 5. Rb1 Nxd5 6. Nxd5 exd5 7. Qxd5 d6 8. Qb3 Qxb3 9. axb3 Nc6 10. Nf3 Bf5 11. Rc1 f6 12. Bf4 O-O-O 13. e3 g5 14. Bg3 h5 15. h4 g4 16. Nd2 Bh6 17.
Be2 Rhe8 18. O-O d5 19. Bb5 Re6 20. Bxc6 Rxc6 21. Rfe1 b5 22. Bf4 Bxf4 23. exf4 Re6 24. Rxe6 Bxe6 25. Re1 Kd7 26. Nf1 Re8 27. Ng3 d4 28.
Nxh5 Bf7 29. Nxf6+ 1-0

[Event "Early-Titled-Tuesday-Blitz-December-26-2023"]
[Site "Chess.com"]
[Date "2023.12.26"]
[Round "6"]
[White "GoValya"]
[Black "Statham_l3"]
[Result "0-1"]
[WhiteElo "2295"]
[BlackElo "2566"]
[TimeControl "180+1"]
[EndTime "9:06:17 PST"]
[Termination "Statham_l3 won by resignation"]

1. d4 e6 2. g3 d5 3. Bg2 b5 4. a4 b4 5. c4 bxc3 6. Nxc3 Nf6 7. Nf3 Bb4 8. O-O O-O 9. Bf4 Bxc3 10. bxc3 Ba6 11.
Ne5 Nbd7 12. Nc6 Qe8 13. a5 Bb5 14. Nb4 Qc8 15. Re1 a6 16. Nd3 Re8 17. f3 c5 18. Rc1 Qd8 19. Ra1 Rc8 20. e4 cxd4 21. cxd4 Rc3 22. Nb4 dxe4 23. fxe4 Rc4 24. Nc2 Ba4 25. Ra2 Qc8 26. Re2 e5 27. Qb1 exf4 28.
gxf4 Nd5 29. Na3 Nc3 30. Qd3 Nxe2+ 31. Rxe2 Rc1+ 32. Kf2 Rc3 33. Qxa6 Qxa6 0-1

[Event "Early-Titled-Tuesday-Blitz-December-26-2023"]
[Site "Chess.com"]
[Date "2023.12.26"]
[Round "6"]
[White "IlanSchnaider"]
[Black "Artyom_ChessMate"]
[Result "1-0"]
[WhiteElo "2684"]
[BlackElo "2506"]
[TimeControl "180+1"]
[EndTime "9:06:18 PST"]
[Termination "IlanSchnaider won on time"]

1. e4 c5 2. Nf3 d6 3. d4 cxd4 4.
Nxd4 Nf6 5. Nc3 g6 6. Be2 Bg7 7. Be3 O-O 8. O-O Nc6 9. f3 Qb6 10. Qd2 Nxe4 11. Nxc6 Nxd2 12. Nxe7+ Kh8 13. Bxb6 Nxf1 14.
Bf2 Nd2 15. Rd1 Bh6 16. Bd4+ f6 17. Ncd5 Kg7 18. Nxf6 Kf7 19. Nxc8 Raxc8 20. Ng4 Bg5 21. h4 Bf4 22. g3 Bxg3 23. Rxd2 Bxh4 24. b3 d5 25. Bxa7 Ke6 26. Bb5 Rxf3 27. Re2+ Kd6 28. Ne5 Rf5 29. Nd3 Bf6 30. b4 Bc3 31. Bc5+ 1-0

[Event "Early-Titled-Tuesday-Blitz-December-26-2023"]
[Site "Chess.com"]
[Date "2023.12.26"]
[Round "6"]
[White "C_K_G"]
[Black "YaWaleriy"]
[Result "1-0"]
[WhiteElo "2054"]
[BlackElo "2251"]
[TimeControl "180+1"]
[EndTime "9:06:20 PST"]
[Termination "C_K_G won by checkmate"]

1. e4 e6 2. Nf3 d5 3. Nc3 Nf6 4. e5 Nfd7 5. d4 c5 6. Bg5 Qb6 7. dxc5 Bxc5 8. Qd2 Bb4 9. a3 Qa5 10. axb4 Qxa1+ 11. Nd1 Nc6 12. Bb5 a6 13. Bxc6 bxc6 14.
O-O Qa4 15. b3 Qb5 16. c4 dxc4 17. bxc4 Qxc4 18. Qd6 f6 19. exf6 gxf6 20. Ne3 Qe4 21. Bxf6 Nxf6 22. Ng5 Qg6 23. Qxc6+ Ke7 24. Nf3 Qe4 25.
Qc5+ Ke8 26. Rd1 Bd7 27. Nc4 Qc6 28. Qg5 Ne4 29. Qg7 Rf8 30. Nce5 Qd5 31. Rxd5 exd5 32.
Qxd7# 1-0

[Event "Early-Titled-Tuesday-Blitz-December-26-2023"]
[Site "Chess.com"]
[Date "2023.12.26"]
[Round "6"]
[White "BogdanDeac"]
[Black "Korchmar_Vasiliy"]
[Result "1-0"]
[WhiteElo "3013"]
[BlackElo "2792"]
[TimeControl "180+1"]
[EndTime "9:06:21 PST"]
[Termination "BogdanDeac won on time"]

1. d4 Nf6 2. c4 e6 3. Nf3 d5 4. g3 dxc4 5. Bg2 Bb4+ 6. Bd2 a5 7. Qc2 Bxd2+ 8. Qxd2 c6 9. a4 b5 10. axb5 cxb5 11.
Qg5 O-O 12. Qxb5 Ba6 13. Qa4 Nbd7 14. O-O Nb6 15. Qc2 Bb7 16. Nc3 Nfd5 17. Qd2 Nb4 18. Ra3 N6d5 19. Ne5 Qc7 20. Rfa1 Rfc8 21. Na4 f6 22.
Nf3 Ne7 23. Nc5 Qb6 24. Nxb7 Qxb7 25. Ng5 Qb6 26. Bxa8 Rxa8 27. Nf3 Nf5 28. Ra4 Rd8 29. Rxa5 Nxd4 30. Ra8 Rxa8 31. Rxa8+ 1-0

[Event "Early-Titled-Tuesday-Blitz-December-26-2023"]
[Site "Chess.com"]
[Date "2023.12.26"]
[Round "6"]
[White "Bala-Afiada"]
[Black "MIss_MIaMI"]
[Result "0-1"]
[WhiteElo "2032"]
[BlackElo "2434"]
[TimeControl "180+1"]
[EndTime "9:06:23 PST"]
[Termination "MIss_MIaMI won by resignation"]

1. d4 c5 2. d5 g6 3. c4 Bg7 4. Nc3 Bxc3+ 5. bxc3 Qa5 6. Qc2 f5 7. Bd2 Nf6 8. f3 e5 9. dxe6 dxe6 10. e4 Nc6 11. exf5 exf5 12. Bd3 O-O 13. Ne2 Ne5 14. O-O Rd8 15. Bg5 Kg7 16. Rfd1 Be6 17. Nf4 Bg8 18. Qe2 Re8 19. Bxf6+ Kxf6 20. Qf1 Qxc3 21.
Nd5+ Bxd5 22. cxd5 Rad8 23. Rac1 Qa5 24. Bb1 Rd6 25. Re1 Rxd5 26. Kh1 Red8 27. Rcd1 Nd3 28. Re2 Qc7 29. Red2 c4 30. Bxd3 cxd3 31. Rxd3 Rxd3 32. Rxd3 Rxd3 33. Qa1+ Qc3 0-1

[Event "Early-Titled-Tuesday-Blitz-December-26-2023"]
[Site "Chess.com"]
[Date "2023.12.26"]
[Round "6"]
[White "AlexPapasimakopoulos"]
[Black "WindWhistler11"]
[Result "1-0"]
[WhiteElo "2639"]
[BlackElo "2454"]
[TimeControl "180+1"]
[EndTime "9:06:24 PST"]
[Termination "AlexPapasimakopoulos won on time"]

1. d4 e6 2. c4 Nf6 3. Nc3 c5 4.
d5 exd5 5. cxd5 Bd6 6. Nf3 O-O 7. Bg5 Re8 8. e3 a6 9. a4 h6 10. Bh4 Bf8 11. Be2 d6 12. Nd2 Nbd7 13. O-O Ne5 14.
e4 Rb8 15. f4 Ng6 16. Bg3 Bd7 17. a5 b5 18. axb6 Rxb6 19. Nc4 Nxe4 20. Nxe4 Rxe4 21. Nxb6 Qxb6 22. Bf3 Rd4 23. Qc1 Bb5 24. Re1 Qd8 25.
f5 Nh4 26. Bxh4 Qxh4 27. g3 Qf6 28. Bg2 Qxf5 29. Ra3 Bd3 30. Qe3 g6 31. Rd1 Bb5 32.
Rxd4 cxd4 33. Qe4 Qg5 34. Qf4 Qe7 35. Ra1 Bg7 36. Bf1 d3 37. Rd1 Qa7+ 38. Kg2 g5 39. Qe4 Qc5 40. Bxd3 Bxd3 41. Qxd3 Qb4 42. b3 Qa3 43. Rd2 a5 44. Qf3 Qa1 45. Rf2 1-0

[Event "Early-Titled-Tuesday-Blitz-December-26-2023"]
[Site "Chess.com"]
[Date "2023.12.26"]
[Round "6"]
[White "Alexei_Gubajdullin"]
[Black "DucksParadise"]
[Result "0-1"]
[WhiteElo "2653"]
[BlackElo "2500"]
[TimeControl "180+1"]
[EndTime "9:06:25 PST"]
[Termination "DucksParadise won by resignation"]

1. e4 c6 2. d4 d5 3. e5 Bf5 4. h4 Qd7 5. Ne2 h6 6. Ng3 Bh7 7. Bd3 Bxd3 8. Qxd3 e6 9. h5 c5 10. c3 Nc6 11. a3 Rc8 12. Be3 cxd4 13. cxd4 Be7 14. Nd2 Bd8 15. b4 Nge7 16. Rh4 Bb6 17.
Rg4 Kf8 18. f4 Nf5 19. Nxf5 exf5 20. Rg3 Ne7 21. Ke2 Rg8 22. Rh3 g6 23. hxg6 Rxg6 24. g3 Kg7 25. Bf2 a6 26. Rhh1 Rgc6 27. Rh5 Rc3 28.
Qb1 Qb5+ 29. Kd1 Qa4+ 30. Ke2 Rc2 31. Qh1 Qb5+ 32. Kd1 Qd3 33. Be1 R8c6 34. g4 fxg4 35. f5 Nxf5 36. Rxf5 Qxf5 37. Qxd5 Bd8 38. Qg2 Bg5 39. d5 R6c3 40. Ne4 Rxg2 41. Nxc3 Qd3+ 0-1

[Event "Early-Titled-Tuesday-Blitz-December-26-2023"]
[Site "Chess.com"]
[Date "2023.12.26"]
[Round "6"]
[White "Pendos666"]
[Black "Sina_Movahed"]
[Result "1-0"]
[WhiteElo "2849"]
[BlackElo "3010"]
[TimeControl "180+1"]
[EndTime "9:06:26 PST"]
[Termination "Pendos666 won by resignation"]

1. e4 c5 2. Nf3 d6 3. d4 cxd4 4. Nxd4 Nf6 5. Nc3 a6 6. f4 e5 7.
Nf3 Qc7 8. Bd3 b5 9. O-O Nbd7 10.
Kh1 Be7 11. Nh4 Nb6 12. Qe1 b4 13. Ne2 O-O 14. Ng3 g6 15. f5 d5 16. Bh6 Re8 17.
fxg6 fxg6 18. exd5 Nbxd5 19. Nxg6 hxg6 20. Bxg6 Bf8 21. Bg5 Qg7 22. Bxe8 Qxg5 23. Bc6 Ra7 24. Ne4 Qg6 25.
Nxf6+ Nxf6 26. Rf3 Rg7 27. Qf2 Bc5 28. Qe2 e4 29.
Rxf6 Qxf6 30. Qc4+ Be6 31. Qxc5 Rc7 32. Qd6 Qe7 33.
Qxe7 Rxe7 34. Bxe4 a5 35. Bd3 Bd5 36. b3 Kg7 37.
Kg1 Re5 38. a3 Rg5 39. g3 Rg4 40. axb4 axb4 41. Ra7+ Kf6 42. Ra4 Ke5 43. c3 Bxb3 44.
Rxb4 Rxb4 45. cxb4 Kd4 46. Bf1 Bd5 47. b5 Kc5 48.
Kf2 Be6 49. Ke3 Bg4 50. h4 Kd6 51. Kf4 Bd7 52. g4 Ke7 1-0

[Event "Early-Titled-Tuesday-Blitz-December-26-2023"]
[Site "Chess.com"]
[Date "2023.12.26"]
[Round "6"]
[White "chessdiamant"]
[Black "Aygehovit1992"]
[Result "0-1"]
[WhiteElo "2562"]
[BlackElo "2757"]
[TimeControl "180+1"]
[EndTime "9:06:27 PST"]
[Termination "Aygehovit1992 won by checkmate"]

1. Nf3 Nf6 2. g3 g6 3. b3 Bg7 4.
Bb2 d6 5. d4 b5 6. c4 bxc4 7.
bxc4 Bb7 8. Bg2 Nbd7 9. O-O Rb8 10. Qc1 O-O 11. Nbd2 e6 12. Nb3 Ne4 13. Na5 Ba8 14. Nd2 Nxd2 15. Qxd2 Bxg2 16. Kxg2 c5 17. Nb3 Qc7 18. Rac1 Rfc8 19. Rfd1 a5 20. dxc5 Bxb2 21.
Qxb2 a4 22. cxd6 Qb7+ 23. Kg1 axb3 24. axb3 Qxb3 25. Qd4 Qb6 26. c5 Rxc5 27. Rb1 Qxb1 28. Rxb1 Rxb1+ 29. Kg2 Rd5 30. Qe4 Rb6 31. h4 Rbxd6 32.
Qa4 h5 33. Qa8+ Kg7 34. Qa1+ e5 35. Qa4 Rd2 36. Qb4 Nf6 37. Qb5 R6d5 38. Qc4 e4 39.
Qa6 Rf5 40. Kg1 Ng4 41. Qa1+ Kh7 42. Qc1 Rxe2 43. Qc4 Rfxf2 44. Kh1 Rf1# 0-1